 Dungeon Crawl Stone Soup version 0.21.1-1-g345015fe64 (webtiles) character file.

3115 Bapho the Cleaver (level 9, -4/81 HPs)
             Began as a Hill Orc Berserker on July 7, 2018.
             Was an Elder of Trog.
             Slain by a two-headed ogre
             ... wielding a +0 giant club
              (19 damage)
             ... on level 7 of the Dungeon.
             The game lasted 00:17:07 (8885 turns).

Bapho the Cleaver (Hill Orc Berserker)              Turns: 8885, Time: 00:17:08

Health: -4/81      AC: 11    Str: 23    XL:     9   Next: 91%
Magic:  12/12      EV: 12    Int:  7    God:    Trog [****..]
Gold:   387        SH:  0    Dex: 10    Spells: 8/8 levels left

rFire    . . .     SeeInvis .   a - +0 hand axe
rCold    . . .     Gourm    .   (no shield)
rNeg     . . .     Faith    .   w - +0 scale mail
rPois    .         Spirit   .   j - +0 helmet
rElec    .         Reflect  .   v - +0 cloak {+Inv}
rCorr    .         Harm     .   (no gloves)
MR       .....                  E - +0 pair of boots
Stlth    +.........             (no amulet)
HPRegen  0.23/turn              r - ring of stealth
MPRegen  0.13/turn              (no ring)

@: about to teleport, berserk cooldown, slowed, very slow
A: no striking features
a: Berserk, Trog's Hand, Brothers in Arms, Burn Spellbooks, Renounce Religion,
Evoke Invisibility


You were on level 7 of the Dungeon.
You worshipped Trog.
Trog was greatly pleased with you.
You were hungry.

You visited 1 branch of the dungeon, and saw 8 of its levels.

You collected 387 gold pieces.

Inventory:

Hand Weapons
 a - a +0 hand axe (weapon)
Missiles
 d - 188 stones (quivered)
 y - 44 bolts
 D - 8 tomahawks
Armour
 b - a +0 animal skin
 g - a +0 chain mail
 j - a +0 helmet (worn)
 t - a +0 large shield
 v - a +0 cloak of invisibility (worn)
 w - a +0 scale mail (worn)
 C - a +0 pair of boots
 E - a +0 pair of boots (worn)
Jewellery
 r - a ring of stealth (left hand)
Wands
 A - a wand of acid (11)
Scrolls
 f - a scroll of fear {unknown}
 i - 3 scrolls of amnesia
 o - a scroll of teleportation
 q - a scroll of identify
 s - a scroll of remove curse
 u - a scroll of enchant weapon {unknown}
 B - a scroll of magic mapping {unknown}
 G - 2 scrolls of immolation {unknown}
 H - a scroll of enchant armour {unknown}
Potions
 e - 3 potions of mutation
 h - 2 potions of degeneration {unknown}
 k - 4 potions of flight
 l - 4 potions of lignification
 m - a potion of ambrosia
 n - 4 potions of curing
 p - 2 potions of haste {unknown}
 x - a potion of might
 z - a potion of brilliance {unknown}
 F - a potion of agility {unknown}
Books
 J - a book of Cantrips

   Spells                             Type                      Level
   a - Confusing Touch                Hexes                        1
   b - Animate Skeleton               Necromancy                   1
   c - Summon Small Mammal            Summoning                    1
   d - Apportation                    Translocation                1
   Trog disapproves of the use of such an item.
Comestibles
 c - 8 rations


   Skills:
 + Level 8.1 Fighting
 * Level 10.7 Axes
 + Level 6.3 Armour
 + Level 4.6 Dodging
 - Level 5.0 Evocations


You had 8 spell levels left.
You didn't know any spells.

Dungeon Overview and Level Annotations

Branches:
Dungeon (8/15)             Temple (0/1) D:4
   Lair: D:8-11

Altars:
Hepliaklqana
Qazlal
Ru
Trog
Uskayaw
Vehumet
Wu Jian
Zin
The Shining One


Message History

The two-headed ogre hits you with a giant club!!
* * * LOW HITPOINT WARNING * * *
An orc comes into view.
The quokka zombie completely misses you.
The quokka zombie closely misses you. The two-headed ogre closely misses you.
The two-headed ogre completely misses you.
There is a stone staircase leading up, spattered with blood here.
The quokka zombie barely misses you.
The two-headed ogre hits you with a giant club.
* * * LOW HITPOINT WARNING * * *
The two-headed ogre completely misses you.
The quokka zombie bites you but does no damage.
All of the chunks of flesh in your inventory have rotted away.
You climb upwards.
There is a stone staircase leading down here.
As you read the scroll of teleportation, it crumbles to dust.
You feel strangely unstable.
The two-headed ogre hits you with a giant club!!
You die...

# #..........####...# ###
##........## ##..## ..#####
###........## #...##
......####.........## ##...##
##.................# #.....
######............## ##....
##....#.....## #.... #....####..#
#.... #...## #.@###### ##....
##...# #.O.....######..... #....#
###.................
#....####......[............
#....##......########.......
##.............## #....... #
#...............## #....... ##
##................### #......#
.###...................###......#


You could see a two-headed ogre.

Vanquished Creatures
  The ghost of emsyzz the Covered, an amateur MiFi (D:4)
  Grinder (D:5)
  Sigmund (D:4)
  Eustachio (D:5)
  Edmund (D:5)
  An ice beast (D:6)
  2 phantoms
  A black bear (D:7)
  3 ogres
  4 centaurs
  3 bullfrogs
  3 scorpions
  A wyvern skeleton (D:7)
  A howler monkey (D:8)
  A crimson imp (D:7)
  5 hounds
  3 orc wizards (D:7)
  A gnoll shaman (D:7)
  4 jellies
  5 iguanas
  2 worker ants (D:6)
  A killer bee zombie (D:5)
  2 worker ant zombies
  10 gnolls
  A howler monkey skeleton (D:5)
  6 adders
  2 shadow imps (D:5)
  An adder skeleton (D:6)
  An adder zombie (D:8)
  3 worms (D:2)
  5 dart slugs
  4 leopard geckos
  19 orcs
  A ball python (D:2)
  5 giant cockroaches
  8 hobgoblins
  9 jackals
  8 kobolds
  2 quokkas
  3 bats
  6 frilled lizards
  5 goblins
  A leopard gecko zombie (D:6)
  2 quokka skeletons
  9 rats
159 creatures vanquished.

Notes
Turn   | Place    | Note
-------+----------+-------------------------------------------
     0 | D:1      | Bapho the Hill Orc Berserker began the quest for the Orb.
     0 | D:1      | Reached XP level 1. HP: 19/19 MP: 1/1
   188 | D:1      | Reached XP level 2. HP: 22/27 MP: 2/2
   844 | D:2      | Reached XP level 3. HP: 33/33 MP: 3/3
   922 | D:2      | Reached ** piety under Trog
   922 | D:2      | Reached skill level 5 in Axes
  1420 | D:2      | Reached XP level 4. HP: 40/40 MP: 4/4
  1795 | D:2      | Found a bloodstained altar of Trog.
  1888 | D:3      | Found a radiant altar of Vehumet.
  2169 | D:3      | Found an ornate altar of the Wu Jian Council.
  2452 | D:3      | Reached XP level 5. HP: 44/47 MP: 5/5
  2620 | D:3      | Found a hide-covered altar of Uskayaw.
  2801 | D:3      | Found a hazy altar of Hepliaklqana.
  2933 | D:4      | Noticed Sigmund
  2945 | D:4      | Killed Sigmund
  2945 | D:4      | Reached skill level 6 in Axes
  2945 | D:4      | Reached XP level 6. HP: 55/55 MP: 6/6
  3075 | D:4      | Reached skill level 5 in Fighting
  3759 | D:4      | Reached skill level 7 in Axes
  3759 | D:4      | Reached XP level 7. HP: 32/61 MP: 7/7
  3759 | D:4      | Reached *** piety under Trog
  4024 | D:4      | Found a staircase to the Ecumenical Temple.
  4067 | D:4      | Noticed emsyzz's ghost (amateur MiFi)
  4080 | D:4      | Killed emsyzz's ghost
  4173 | D:4      | Reached skill level 8 in Axes
  4626 | D:5      | Entered Level 5 of the Dungeon
  4646 | D:5      | Reached XP level 8. HP: 68/70 MP: 8/8
  4806 | D:5      | Found a stormy altar of Qazlal.
  4815 | D:5      | Noticed Edmund
  4851 | D:5      | Killed Edmund
  4851 | D:5      | Reached skill level 5 in Armour
  4985 | D:5      | Noticed Grinder
  5002 | D:5      | Killed Grinder
  5002 | D:5      | Reached skill level 9 in Axes
  5526 | D:5      | Noticed Eustachio
  5540 | D:5      | Killed Eustachio
  6016 | D:5      | Found a sacrificial altar of Ru.
  6180 | D:6      | Reached skill level 10 in Axes
  6180 | D:6      | Reached XP level 9. HP: 62/79 MP: 9/9
  6224 | D:6      | Reached skill level 1 in Evocations
  6673 | D:6      | Found a glowing silver altar of Zin.
  7058 | D:7      | Reached skill level 5 in Evocations
  7164 | D:7      | Reached **** piety under Trog
  8841 | D:8      | Found a glowing golden altar of the Shining One.
  8872 | D:8      | Noticed a two-headed ogre
  8885 | D:7      | Slain by a two-headed ogre

Skill      XL: |  1  2  3  4  5  6  7  8  9 |
---------------+----------------------------+-----
Fighting       | 4 5 7 8 |  8.1
Axes           | 5 6 7 8 10 | 10.7
Dodging        | 2 3 4 |  4.6
Armour         | 3 4 5 6 |  6.3
Evocations     | 5 |  5.0

Action                   |  1- 3 |  4- 6 |  7- 9 || total
-------------------------+-------+-------+-------++-------
Melee: Hand axe          |   104 |   155 |   434 ||   693
Throw: Stone             |    71 |    87 |   187 ||   345
Invok: Berserk           |       |     3 |     9 ||    12
       Trog's Hand       |       |     1 |       ||     1
 Abil: Evoke Invisibilit |       |       |     1 ||     1
  Use: Scroll            |       |       |    10 ||    10
 Stab: Invisible         |       |       |     1 ||     1
  Eat: Chunk             |     2 |    10 |    17 ||    29
       Ration            |       |       |     2 ||     2
Armor: Animal skin       |     4 |       |       ||     4
       Chain mail        |    29 |    71 |    32 ||   132
       Scale mail        |       |       |   101 ||   101
Dodge: Dodged            |    44 |    43 |   182 ||   269
Block: Large shield      |       |    46 |    11 ||    57
